 Dungeon Crawl Stone Soup version 0.29.1-15-g9cfb28693d (webtiles) character file.

Game seed: 15616778303950527488

67 Descartes the Ducker (level 3, 0/17 HPs)
             Began as a Felid Monk on Mar 24, 2023.
             Slain by a hobgoblin
             ... wielding a +2 vorpal hand axe
              (7 damage)
             ... on level 3 of the Dungeon.
             The game lasted 00:02:17 (2090 turns).

Descartes the Ducker (Felid Monk)                   Turns: 2090, Time: 00:02:18

Health: 0/17       AC:  1    Str:  9    XL:     3   Next: 98%
Magic:  4/4        EV: 19    Int: 11    God:
Gold:   171        SH:  0    Dex: 18    Spells: 2/2 levels left
                                        Lives:  0   Deaths: 0

rFire   . . .      SeeInvis +     - Unarmed
rCold   . . .      Faith    .   (shield unavailable)
rNeg    + . .      Spirit   .   (body armour unavailable)
rPois   .          Reflect  .   (helmet unavailable)
rElec   .          Harm     .   (cloak unavailable)
rCorr   .          Rampage  .   (gloves unavailable)
Will    .....                   (boots unavailable)
Stlth   +++.......              (no amulet)
HPRegen 0.05/turn               l - ring of positive energy
MPRegen 0.09/turn               (no ring)

@: quick
A: very small, claws 1, fangs 3, see invisible, speed 1, shaggy fur 1, stealthy
paws, no weapons or thrown items, no armour, multi-lived
a: no special abilities


You were on level 3 of the Dungeon.
You visited 1 branch of the dungeon, and saw 3 of its levels.

You collected 171 gold pieces.

Inventory:

Jewellery
 l - a ring of positive energy (left paw)
Wands
 s - a wand of flame (11)
Scrolls
 b - 5 scrolls of identify {unknown}
 c - a scroll of torment {unknown}
 d - a scroll of summoning {unknown}
 e - a scroll of noise {unknown}
 f - 2 scrolls of silence {unknown}
 g - 2 scrolls of teleportation {unknown}
 h - 2 scrolls of enchant armour {unknown}
 i - a scroll of blinking {unknown}
 o - a scroll of magic mapping {unknown}
 r - a scroll of immolation {unknown}
Potions
 a - a potion of ambrosia
 j - 3 potions of flight {unknown}
 k - a potion of attraction {unknown}
 m - a potion of brilliance {unknown}
 n - 3 potions of heal wounds {unknown}
 p - 2 potions of curing {unknown}
 q - 2 potions of might {unknown}


   Skills:
 + Level 3.4 Fighting
 + Level 4.7 Dodging
 + Level 3.8 Stealth
 + Level 3.6 Unarmed Combat


You had 2 spell levels left.
You didn't know any spells.
Your spell library was empty.

Dungeon Overview and Level Annotations

Branches:
Dungeon (3/15)

Altars:
Nemelex Xobeh


Innate Abilities, Weirdness & Mutations

You have sharp claws.
You have razor-sharp teeth.
You have supernaturally acute eyesight. (SInv)
You cover ground quickly. (Speed+)
You are covered in fur. (AC +1)
Your paws help you pounce on unaware monsters.
You are incapable of wielding weapons or throwing items.
You cannot wear armour.
You gain extra lives every three experience levels.


Message History

Your surroundings suddenly seem different.
A hobgoblin comes into view.
Found a long glass wand.
A hobgoblin is nearby!
A frilled lizard comes into view.
Found a stone staircase leading down.
The helpless hobgoblin fails to defend itself.
You mangle the hobgoblin!!
You kill the hobgoblin!
The helpless frilled lizard fails to defend itself.
You mangle the frilled lizard!!
You kill the frilled lizard!
No target in view!
s - a wand of flame (11)
A hobgoblin comes into view. It is wielding a +2 vorpal hand axe.
You see here an adder skeleton.
The hobgoblin shouts!
You scratch the hobgoblin.
The hobgoblin is almost dead.
The hobgoblin closely misses you.
You closely miss the hobgoblin.
The hobgoblin is almost dead.
The hobgoblin misses you.
You scratch the hobgoblin but do no damage.
The hobgoblin is severely wounded.
The hobgoblin hits you with a +2 vorpal hand axe!
You are too injured to fight recklessly!
You are too injured to fight recklessly!
You are too injured to fight recklessly!
You are too injured to fight recklessly!
You are too injured to fight recklessly!
You are too injured to fight recklessly!
You are too injured to fight recklessly!
You are too injured to fight recklessly!
You are too injured to fight recklessly!
You are too injured to fight recklessly!
You closely miss the hobgoblin.
The hobgoblin is severely wounded.
The hobgoblin hits you with a +2 vorpal hand axe!
You die...

........###########.##.##.
......... ...........)....
........# #########.#..##.
......<.#########......)..
........#...#.........####
##.###÷#..........##.##
#.............#..#
#...g............##
#...@..........#..###
#.#..................
#...÷..##...#####.###
.....#...###..## #.###
..##.###.###.## #(##. #
#.# #..##.# #..#. #.#
##.##.# ##.#. #.# #....#
#.#. #.# ##...# #.#.


You could see a hobgoblin.

Vanquished Creatures
  A gnoll (D:2)
  An adder (D:3)
  3 bats
  5 endoplasms
  3 giant cockroaches
  4 goblins
  7 hobgoblins
  A quokka (D:2)
  3 ball pythons
  6 frilled lizards
  5 kobolds
  5 rats
44 creatures vanquished.

Notes
Turn   | Place    | Note
-------+----------+-------------------------------------------
     0 | D:1      | Descartes the Felid Monk began the quest for the Orb.
     0 | D:1      | Reached XP level 1. HP: 10/10 MP: 2/2
   145 | D:1      | Reached XP level 2. HP: 14/14 MP: 3/3
  1207 | D:2      | Reached XP level 3. HP: 16/17 MP: 4/4
  1851 | D:3      | Found a sparkling altar of Nemelex Xobeh.
  1970 | D:3      | Found a faded altar of an unknown god.
  2090 | D:3      | Slain by a hobgoblin

Illustrated notes

Levels and vault maps discovered:
D:1:      psy_arrival_spokes, layout_loops_ring
D:2:      layout_rooms, minmay_split_cup_large
D:3:      layout_rooms, nicolae_overflow_crystal_walls, basic_ecumenical_altar,
          nicolae_concentric_dashed_squares_mild

Skill      XL: |  1 |
---------------+----+-----
Stealth        | 3 |  3.8
Fighting       | |  3.4
Dodging        | |  4.7
Unarmed Combat | |  3.6

Action                   || total
-------------------------++-------
Melee: Unarmed           ||    85
       Bite              ||     7
       Punch             ||     1
 Stab: Sleeping          ||    13
       Distracted        ||     3
Armor: Skin              ||     4
Dodge: Dodged            ||    68
